 Dungeon Crawl Stone Soup version 0.20.1-1-g8b1a95d (webtiles) character file.

126 AdmiralAndromeda the Twirler (level 5, -2/54 HPs)
             Began as an Ogre Gladiator on Nov 26, 2017.
             Killed from afar by an orc wizard (5 damage)
             ... with a magic dart
             ... on level 3 of the Dungeon.
             The game lasted 00:06:36 (2412 turns).

AdmiralAndromeda the Twirler (Ogre Gladiator)       Turns: 2412, Time: 00:06:36

Health: -2/54      AC:  3    Str: 18    XL:     5   Next: 9%
Magic:  5/5        EV: 10    Int: 10    God:
Gold:   180        SH:  0    Dex: 10    Spells: 4/4 levels left

rFire    . . .     SeeInvis .   a - +0 quarterstaff
rCold    . . .     Gourm    .   (shield currently unavailable)
rNeg     . . .     Faith    .   b - +0 robe
rPois    .         Spirit   .   c - +0 hat
rElec    .         Reflect  .   (no cloak)
rCorr    .         Harm     .   (gloves unavailable)
MR       .....                  (boots unavailable)
Stlth    +.........             (no amulet)
Regen    0.2/turn               (no ring)
MPRegen  0.1/turn               (no ring)

@: no status effects
A: unfitting armour, tough skin 1
a: no special abilities


You were on level 3 of the Dungeon.
You were not hungry.

You visited 1 branch of the dungeon, and saw 3 of its levels.

You collected 180 gold pieces.

Inventory:

Hand Weapons
 a - a +0 quarterstaff (weapon)
Missiles
 d - 3 throwing nets
 g - 7 curare-tipped needles
 s - 29 stones (quivered)
Armour
 b - a +0 robe (worn)
 c - a +0 hat (worn)
Scrolls
 e - a scroll of immolation {unknown}
 j - 2 scrolls of fear {unknown}
 o - 4 scrolls of identify {unknown}
 p - a scroll of teleportation {unknown}
 r - a scroll of blinking {unknown}
 v - a scroll of remove curse {unknown}
 w - a scroll of enchant armour {unknown}
Potions
 k - a potion of lignification {unknown}
 l - a potion of might {unknown}
 m - a potion of magic {unknown}
 n - a potion of curing {unknown}
 t - a potion of heal wounds {unknown}
 u - a potion of resistance {unknown}
Comestibles
 f - 6 bread rations
 i - 2 meat rations
 q - a royal jelly


   Skills:
 + Level 3.6 Fighting
 * Level 5.2 Staves
 - Level 2.0 Throwing
 - Level 2.6 Dodging


You had 4 spell levels left.
You didn't know any spells.

Dungeon Overview and Level Annotations

Branches:
Dungeon (3/15)

Altars:
Yredelemnul


Innate Abilities, Weirdness & Mutations

You are too large for most types of armour.
You have tough skin. (AC +1)


Message History

You barely miss something. Something hits you.
You hit something but do no damage. Something hits you.
You closely miss something.
The orc priest mumbles some strange prayers to Beogh against you.
Beogh smites you!
* * * LOW HITPOINT WARNING * * *
Something hits you.
* * * LOW HITPOINT WARNING * * *
Sorry, you're not good enough to have a special ability.
Okay, then.
The orc priest mumbles some strange prayers to Beogh against you.
You hear some strange, mumbled words.
A puff of flame appears from out of thin air!
The puff of flame hits you!
* * * LOW HITPOINT WARNING * * *
The orc priest miscasts a cantrip.
You open the door.
A magic dart appears from out of thin air!
The magic dart hits you!
You die...

........#####[.....####..# ..#
.....)..# #......# ##.## ..#
........#####......# #..# ..#
...................# ##.# #.#
...................######'###.#
.............#####..........#.#
#######......#
###..........#.### #......#
#.'............... #......#
#@#............###
#######......# #.#########....#
.............# #.# #....#
###..........# #o# #....#
#..........# #o# #....#
#......##### #.# #....#
#......#######o###### ###.>.
#......'.............. ####
#......#####..........


You could see an orc priest and 2 orcs.

Vanquished Creatures
  An orc priest (D:3)
  4 adders
  An adder skeleton (D:3)
  2 dart slugs
  5 orcs (D:3)
  3 giant cockroaches
  2 gnoll zombies (D:2)
  5 goblins
  4 hobgoblins
  10 kobolds
  A quokka (D:3)
  4 bats (D:2)
  2 frilled lizards
  6 rats
50 creatures vanquished.

Vanquished Creatures (others)
  4 toadstools (D:1)
4 creatures vanquished.

Grand Total: 54 creatures vanquished

Notes
Turn   | Place    | Note
-------+----------+-------------------------------------------
     0 | D:1      | AdmiralAndromeda the Ogre Gladiator began the quest for the Orb.
     0 | D:1      | Reached XP level 1. HP: 22/22 MP: 1/1
    87 | D:1      | Reached XP level 2. HP: 29/29 MP: 2/2
   708 | D:2      | Reached skill level 4 in Staves
   708 | D:2      | Reached XP level 3. HP: 17/37 MP: 3/3
  1232 | D:2      | Found a basalt altar of Yredelemnul.
  1841 | D:3      | Reached XP level 4. HP: 45/45 MP: 4/4
  2058 | D:3      | Reached skill level 5 in Staves
  2060 | D:3      | Reached XP level 5. HP: 25/54 MP: 5/5
  2407 | D:3      | HP: 2/54 [something/puff of flame (8)]
  2412 | D:3      | Killed from afar by an orc wizard

Skill      XL: |  1  2  3  4 |
---------------+-------------+-----
Fighting       | 3 |  3.6
Staves         | 4 5 |  5.2
Throwing       | |  2.0
Dodging        | |  2.6

Action                   |  1- 3 |  4- 6 || total
-------------------------+-------+-------++-------
Melee: Quarterstaff      |   107 |    49 ||   156
Throw: Tomahawk          |    10 |     6 ||    16
       Stone             |       |     5 ||     5
 Stab: Sleeping          |     1 |       ||     1
  Eat: Chunk             |     3 |     2 ||     5
Armor: Robe              |    27 |     5 ||    32
Dodge: Dodged            |    61 |    20 ||    81
